 Dungeon Crawl Stone Soup version 0.23-a0-663-g304f35b (webtiles) character file.

436 TheGoonsmith the Chopper (level 6, 0/48 HPs)
             Began as a Demonspawn Gladiator on Jan 7, 2019.
             Slain by a kobold
             ... wielding a +0 dagger
              (1 damage)
             ... on level 4 of the Dungeon.
             The game lasted 00:06:28 (3520 turns).

TheGoonsmith the Chopper (Demonspawn Gladiator)     Turns: 3520, Time: 00:06:29

Health: 0/48       AC:  5    Str: 17    XL:     6   Next: 69%
Magic:  0/6        EV: 13    Int:  9    God:
Gold:   85         SH:  0    Dex: 17    Spells: 5/5 levels left

rFire    . . .     SeeInvis .   a - +1 war axe
rCold    . . .     Gourm    .   (no shield)
rNeg     . . .     Faith    .   b - +0 leather armour
rPois    .         Spirit   +   c - +1 helmet
rElec    .         Reflect  .   (no cloak)
rCorr    .         Harm     .   (no gloves)
MR       .....                  (boots unavailable)
Stlth    +.........             u - amulet of guardian spirit
HPRegen  0.16/turn              p - +3 ring of slaying
MPRegen  0.10/turn              s - +3 ring of dexterity

@: flying
A: hooves 3, sturdy frame 1
a: no special abilities


You were on level 4 of the Dungeon.
You were hungry.

You visited 1 branch of the dungeon, and saw 4 of its levels.

You collected 85 gold pieces.

Inventory:

Hand Weapons
 a - a +1 war axe (weapon)
Missiles
 d - 3 throwing nets (quivered)
Armour
 b - a +0 leather armour (worn)
 c - a +1 helmet (worn)
Jewellery
 l - an uncursed amulet of harm
 p - a +3 ring of slaying (left hand)
 r - an uncursed ring of protection from cold
 s - a +3 ring of dexterity (right hand)
 u - an amulet of guardian spirit (around neck)
Wands
 v - a wand of paralysis (5)
Scrolls
 h - 3 scrolls of enchant weapon
 i - 2 scrolls of remove curse
 k - a scroll of identify
 m - a scroll of amnesia
Potions
 o - a potion of resistance {unknown}
Comestibles
 f - 6 rations
 j - 4 chunks of flesh


   Skills:
 - Level 4.0 Fighting
 + Level 6.1 Axes
 - Level 1.7 Throwing
 + Level 0.0 Armour
 - Level 2.6 Dodging


You had 5 spell levels left.
You didn't know any spells.
Your spell library was empty.

Dungeon Overview and Level Annotations

Branches:
Dungeon (4/15)
 Temple: D:4-7

Altars:
Dithmenos
Vehumet


Innate Abilities, Weirdness & Mutations

You have hooves in place of feet.
Your movements are slightly less encumbered by armour. (ER -2)


Message History

The ogre is severely wounded.
You closely miss the kobold. The kobold completely misses you.
The ogre hits you with a +0 giant club!
* * * LOW HITPOINT WARNING * * *
You are too injured to fight recklessly!
You slash the ogre! You kick the ogre, but do no damage.
The ogre is almost dead.
You closely miss the kobold. The kobold completely misses you.
The ogre closely misses you. The kobold hits you but does no damage.
You barely miss the ogre.
The ogre is almost dead.
You hit the kobold. You slash the kobold!
You kill the kobold!
The kobold completely misses you. The ogre hits you with a +0 giant club!
* * * LOW HITPOINT WARNING * * *
Unknown command.
It was a potion of flight.
You feel very buoyant.
You fly up into the air.
The kobold hits you with a +0 dagger.
You die...

...........#...........##..
.............##†......##.#
#...........##........###
#.##......................#
#...#...†>................
#.........................
....##....÷......$.........
# ###..†................
#..@O.............[.
.......)K.............##
.........l...##.......#
.......##.#...#........#
...........#.## #. ........
..#.# ....#.. ... . .!...
.### .


You could see an ogre, a kobold and a frilled lizard.

Vanquished Creatures
  A howler monkey (D:4)
  A jelly (D:3)
  2 orc wizards (D:4)
  A hound (D:4)
  2 centaur skeletons (D:4)
  2 worker ants (D:4)
  8 adders
  An ooze (D:1)
  An adder skeleton (D:4)
  A worm (D:2)
  6 dart slugs
  4 leopard geckos
  6 orcs
  2 ball pythons
  5 bats
  4 giant cockroaches
  6 goblins
  5 hobgoblins
  11 jackals
  A quokka (D:2)
  2 frilled lizards
  4 kobolds
  4 rats
80 creatures vanquished.

Vanquished Creatures (others)
  A leopard gecko (D:3)
1 creature vanquished.

Grand Total: 81 creatures vanquished

Notes
Turn   | Place    | Note
-------+----------+-------------------------------------------
     0 | D:1      | TheGoonsmith the Demonspawn Gladiator began the quest for
                  | the Orb.
     0 | D:1      | Reached XP level 1. HP: 16/16 MP: 1/1
    29 | D:1      | Reached skill level 3 in Axes
    41 | D:1      | Gained mutation: Your movements are slightly less
                  | encumbered by armour. (ER -2) [demonic ancestry]
    41 | D:1      | Reached XP level 2. HP: 12/22 MP: 2/2
   520 | D:1      | Gained mutation: You have large cloven feet. [demonic
                  | ancestry]
   520 | D:1      | Reached XP level 3. HP: 28/28 MP: 3/3
  1548 | D:2      | Reached skill level 4 in Axes
  1548 | D:2      | Reached XP level 4. HP: 11/35 MP: 4/4
  2327 | D:2      | Found a shadowy altar of Dithmenos.
  2625 | D:3      | Gained mutation: You have hoof-like feet. [demonic
                  | ancestry]
  2625 | D:3      | Reached XP level 5. HP: 37/41 MP: 5/5
  2746 | D:3      | Found a radiant altar of Vehumet.
  3347 | D:4      | Reached skill level 5 in Axes
  3418 | D:4      | Gained mutation: You have hooves in place of feet. [demonic
                  | ancestry]
  3418 | D:4      | Reached XP level 6. HP: 30/48 MP: 4/6
  3503 | D:4      | Reached skill level 6 in Axes
  3519 | D:4      | HP: 1/48 [ogre/+0 giant club (13)]
  3520 | D:4      | Slain by a kobold

Vault maps used:
D:1:      psy_arrival_radial02
D:2:      nicolae_dithmenos_shadow_blocks, hangedman_abyss_or_decor_lesser_grid
D:3:      fiery_altar_vehumet
D:4:      cheibrodos_thug_alley, enter_ossuary_3

Skill      XL: |  1  2  3  4  5  6 |
---------------+-------------------+-----
Axes           | 3 4 5 6 |  6.1
Fighting       | 3 4 |  4.0
Throwing       | |  1.7
Dodging        | |  2.6

Action                   |  1- 3 |  4- 6 || total
-------------------------+-------+-------++-------
Melee: War axe           |    94 |   135 ||   229
       Kick              |     8 |    24 ||    32
  Use: Potion            |       |     3 ||     3
       Scroll            |       |     9 ||     9
  Eat: Chunk             |     2 |     6 ||     8
Armor: Leather armour    |    27 |    34 ||    61
       Skin              |       |    36 ||    36
Dodge: Dodged            |    71 |    92 ||   163

Table legend:
 A = Non-vault XP
 B = Vault XP
 C = Vault XP percentage of total XP
 D = Non-vault monster count
 E = Vault monster count
 F = Vault count percentage of total count
                 A         B        C        D         E       F
            +---------+---------+-------+---------+---------+-------
      Total |     622 |       2 |   0.3 |      79 |       1 |   1.2
            +---------+---------+-------+---------+---------+-------
        D:1 |      65 |       0 |   0.0 |      28 |       0 |   0.0
        D:2 |      86 |       0 |   0.0 |      14 |       0 |   0.0
        D:3 |     104 |       0 |   0.0 |      19 |       0 |   0.0
        D:4 |     367 |       2 |   0.5 |      18 |       1 |   5.3
            +---------+---------+-------+---------+---------+-------
